 Dungeon Crawl Stone Soup version 0.31-a0-1529-g7bd419a0e5 (webtiles) character file.

Game seed: 3872292101420534336

37 Amplified the Chopper (level 3, -1/29 HPs)
             Began as a Demonspawn Monk on Dec 31, 2023.
             Killed from afar by Sigmund (9 damage)
             ... with a puff of flame
             ... on level 2 of the Dungeon.
             The game lasted 00:01:15 (836 turns).

Amplified the Chopper (Demonspawn Monk)              Turns: 836, Time: 00:01:16

Health: -1/29      AC:  5    Str: 13    XL:     3   Next: 23%
Magic:  3/3        EV: 11    Int: 12    God:
Gold:   117        SH:  0    Dex: 15    Spells: 2/2 levels left

rFire   . . .        a - +0 hand axe
rCold   . . .        d - orb {light}
rNeg    . . .        e - +0 ring mail
rPois   .            (no helmet)
rElec   .            (no cloak)
rCorr   .            (no gloves)
SInv    .            (no boots)
Will    .....        (no amulet)
Stlth   +            (no ring)
HPRegen 0.24/turn    (no ring)
MPRegen 0.08/turn

%: no passive effects
@: glowing
A: big brain 1, demonic magic 1
a: no special abilities


You were on level 2 of the Dungeon.
You visited 1 branch of the dungeon, and saw 2 of its levels.

You collected 117 gold pieces.

Inventory:

Hand Weapons
 a - a +0 hand axe (weapon)
Armour
 b - a +0 robe
 d - an orb of light (worn)
 e - a +0 ring mail (worn)
Scrolls
 h - a scroll of blinking
 i - a scroll of brand weapon
 j - a scroll of noise {unknown}
Potions
 c - a potion of ambrosia
 g - a potion of haste {unknown}
 k - a potion of curing {unknown}


   Skills:
 + Level 3.5 Fighting
 * Level 3.6 Axes
 - Level 2.6 Dodging


You had 2 spell levels left.
You didn't know any spells.
Your spell library was empty.

Dungeon Overview and Level Annotations

Branches:
Dungeon (2/15)

Altars:

Annotations:
D:2 Sigmund


Innate Abilities, Weirdness & Mutations

You have an unusually large brain. (Int +2)
Spells you cast may paralyse adjacent enemies.


Message History

Okay, then.
Okay, then.
Sigmund casts a spell at you. You resist with significant effort.
Sigmund gestures at you while chanting.
You are confused.
You bump into the rock wall.
Unknown command.
Sigmund gestures at you while chanting.
You are more confused.
Sigmund zaps a wand.
The puff of flame misses you.
Unknown command.
You're too confused to move!
Unknown command.
Sigmund points at you and mumbles some strange words.
You are more confused.
You're too confused to move!
Sigmund zaps a wand.
The puff of flame hits you!
Unknown command.
You bump into the rock wall.
Okay, then.
Sigmund gestures at you while chanting. The magic dart hits you.
Unknown command.
You bump into the rock wall.
Sigmund zaps a wand.
The puff of flame hits you!
* * * LOW HITPOINT WARNING * * *
You feel much better.
Sigmund zaps a wand.
The puff of flame hits you!
You closely miss Sigmund. Sigmund gestures at you while chanting.
The magic dart hits you. Sigmund misses you.
Unknown command.
You feel less confused.
Sigmund laughs darkly.
Sigmund zaps a wand.
The puff of flame hits you.
* * * LOW HITPOINT WARNING * * *
Sigmund zaps a wand.
The puff of flame misses you.
There is a stone staircase leading down here.
Sigmund zaps a wand.
The puff of flame hits you!
You die...
Sigmund begins carving another notch in his scythe.

########...##.
####### # # #
########## #
#........# #
#.######.# ######
#@# #.# #....# #.#
####.####.##.# #.#
#..........#.#
#.###.##.####..#.#
#........# #.....
##@......# #.##..
#.#####.# #.....
#.# #.# ###### #.#
#.# #


You could see Sigmund.

Vanquished Creatures
  An adder (D:2)
  4 endoplasms
  4 giant cockroaches (D:1)
  8 hobgoblins
  2 quokkas (D:1)
  A bat (D:1)
  A frilled lizard (D:1)
  A kobold (D:1)
  2 rats (D:1)
24 creatures vanquished.

Notes
Turn   | Place    | Note
-------+----------+-------------------------------------------
     0 | D:1      | Amplified the Demonspawn Monk began the quest for the Orb.
     0 | D:1      | Reached XP level 1. HP: 18/18 MP: 1/1
    81 | D:1      | Gained mutation: You have an unusually large brain. (Int
                  | +2) [demonic ancestry]
    81 | D:1      | Reached XP level 2. HP: 16/24 MP: 2/2
   592 | D:2      | Gained mutation: Spells you cast may paralyse adjacent
                  | enemies. [demonic ancestry]
   592 | D:2      | Reached XP level 3. HP: 22/29 MP: 3/3
   808 | D:2      | Noticed Sigmund
   836 | D:2      | Killed from afar by Sigmund

Illustrated notes

Levels and vault maps discovered:
D:1:      giann_forest_graveyard, layout_rooms, serial_bayou_crossing
D:2:      layout_loops_corners, serial_shops, shop, uniq_sigmund

Skill      XL: |  1 |
---------------+----+-----
Axes           | 3 |  3.6
Fighting       | |  3.5
Dodging        | |  2.6

Action                     || total
---------------------------++-------
  Melee: Hand axe          ||    76
    Use: Scroll            ||     3
         Potion            ||     1
 Armour: Ring mail         ||    48
         Robe              ||     7
  Dodge: Dodged            ||    52

Table legend: (Time is in decaauts)
 A = Elapsed time spent in this place.
 B = Non-inter-level travel time spent in this place.
 C = Inter-level travel time spent in this place.
 D = Time resting spent in this place.
 E = Time spent auto-exploring this place.
 F = Levels seen in this place.
 G = Mean time per level.
                   A        B        C        D        E       F      G
               +--------+--------+--------+--------+--------+-----+--------+
         Total |    858 |    835 |     23 |      0 |    624 |   2 |  429.0 |
       Dungeon |    858 |    835 |     23 |      0 |    624 |   2 |  429.0 |
               +--------+--------+--------+--------+--------+-----+--------+

Top non-repeatable levels by time:
     D:1: 597 daAuts
     D:2: 260 daAuts
